 Dungeon Crawl Stone Soup version 0.26-a0-466-g989023bd0d (webtiles) character file.

Game seed: 12886215157552045718

56 vatarom the Gusty (level 3, 0/19 HPs)
             Began as a Tengu Air Elementalist on Aug 7, 2020.
             Killed from afar by Ijyb (7 damage)
             ... with a puff of flame
             ... on level 3 of the Dungeon.
             The game lasted 00:05:46 (3069 turns).

vatarom the Gusty (Tengu Air Elementalist)          Turns: 3069, Time: 00:05:46

Health: 0/19       AC:  2    Str:  8    XL:     3   Next: 97%
Magic:  1/7        EV: 12    Int: 16    God:
Gold:   159        SH:  0    Dex: 14    Spells: 0/6 levels left

rFire    . . .     SeeInvis .   n - +0 spear
rCold    + . .     Faith    .   (no shield)
rNeg     . . .     Spirit   .   a - +0 robe
rPois    .         Reflect  .   (helmet restricted)
rElec    .         Harm     .   (no cloak)
rCorr    .                      (no gloves)
MR       .....                  (boots unavailable)
Stlth    ++........             (no amulet)
HPRegen  0.06/turn              c - ring of protection from cold
MPRegen  0.10/turn              (no ring)

@: no status effects
A: beak, talons 3
a: no special abilities


You were on level 3 of the Dungeon.
You visited 1 branch of the dungeon, and saw 3 of its levels.

You collected 159 gold pieces.

Inventory:

Hand Weapons
 n - a +0 spear (weapon)
Missiles
 i - 24 sling bullets
Armour
 a - a +0 robe (worn)
Jewellery
 c - a ring of protection from cold (left hand)
Scrolls
 b - 3 scrolls of teleportation {unknown}
 e - a scroll of magic mapping {unknown}
 g - a scroll of enchant armour {unknown}
 h - a scroll of random uselessness {unknown}
 j - a scroll of identify {unknown}
 k - a scroll of amnesia {unknown}
 l - a scroll of enchant weapon {unknown}
Potions
 d - a potion of curing {unknown}
 f - a potion of might {@q4}
 m - a potion of cancellation {unknown}


   Skills:
 - Level 2.1 Dodging
 - Level 2.0 Stealth
 - Level 2.0 Spellcasting
 - Level 1.6 Conjurations
 + Level 6.2 Air Magic


You couldn't memorise any spells.
You knew the following spells:

 Your Spells              Type           Power        Failure   Level
a - Shock                 Conj/Air       ##..         4%          1
b - Swiftness             Air            ###.....     2%          2
c - Static Discharge      Conj/Air       ##......     12%         3

Your spell library contained the following spells:

 Spells                   Type           Power        Failure   Level
 Airstrike                Air            ###.......   16%         4
 Lightning Bolt           Conj/Air       ##........   75%         5


Dungeon Overview and Level Annotations

Branches:
Dungeon (3/15)

Altars:
Yredelemnul

Annotations:
D:3 Ijyb


Innate Abilities, Weirdness & Mutations

You have a beak for a mouth.
You have claws for feet.


Message History

Ijyb is struck by an arc of lightning.
Ijyb is lightly wounded.
The lightning grounds out.
Ijyb hits you with a +0 club.
You hit Ijyb but do no damage.
Ijyb is lightly wounded.
Ijyb zaps a wand.
The puff of flame hits you.
Casting: Static Discharge (extremely dangerous; 12% risk of failure)
Confirm with . or Enter, or press ? or * to list all spells.
The spell is extremely dangerous to cast (12% risk of failure)!
Continue anyway?
Ijyb is struck by an arc of lightning.
Ijyb is moderately wounded.
You are struck by an arc of lightning.
Ijyb is struck by an arc of lightning.
Ijyb is severely wounded.
The lightning grounds out.
Ijyb hits you with a +0 club.
Casting: Static Discharge (extremely dangerous; 12% risk of failure)
Confirm with . or Enter, or press ? or * to list all spells.
You don't have enough magic to cast that spell.
There is an open door here.
Ijyb zaps a wand.
The puff of flame hits you!
You die...

#.............
#...........#
#...........#
#...........#
###...........###
.................
#....†g†.......
###.#'###...... #
#@# .....# #.##
....#
##..#######.#
#...........#
#...........#
#...........#
#...........#
#...........#
#...........#


You could see Ijyb.

Vanquished Creatures
  An adder (D:2)
  2 worms
  2 dart slugs (D:1)
  2 giant cockroaches
  7 goblins
  5 hobgoblins
  4 kobolds
  A ball python (D:3)
  5 bats
  3 frilled lizards
  5 rats
37 creatures vanquished.

Notes
Turn   | Place    | Note
-------+----------+-------------------------------------------
     0 | D:1      | vatarom the Tengu Air Elementalist began the quest for the
                  | Orb.
     0 | D:1      | Reached XP level 1. HP: 10/10 MP: 4/4
   138 | D:1      | Reached XP level 2. HP: 15/15 MP: 3/6
   448 | D:1      | Reached skill level 5 in Air Magic
   452 | D:1      | Learned a level 2 spell: Swiftness
   943 | D:2      | Reached XP level 3. HP: 19/19 MP: 1/7
  1139 | D:2      | Learned a level 3 spell: Static Discharge
  2306 | D:2      | Reached skill level 6 in Air Magic
  2933 | D:3      | Found a basalt altar of Yredelemnul.
  3054 | D:3      | Noticed Ijyb
  3069 | D:3      | Killed from afar by Ijyb

Illustrated notes

Levels and vault maps discovered:
D:1:      minmay_arrival_stair_chambers, layout_rooms, hangedman_decor_growths
D:2:      layout_basic
D:3:      layout_basic, lemuel_crystal_altar, uniq_sigmund, uniq_ijyb

Skill      XL: |  1  2  3 |
---------------+----------+-----
Air Magic      | 5 6 |  6.2
Dodging        | |  2.1
Stealth        | |  2.0
Spellcasting   | |  2.0
Conjurations   | |  1.6

Action                   || total
-------------------------++-------
Melee: Unarmed           ||     3
       Kick              ||     8
       Club              ||    16
       Spear             ||    18
       Peck              ||     5
 Cast: Shock             ||    50
       Static Discharge  ||     5
  Use: Potion            ||     5
 Stab: Sleeping          ||     3
Armor: Robe              ||    13
Dodge: Dodged            ||    24

Table legend: (Time is in decaauts)
 A = Elapsed time spent in this place.
 B = Non-inter-level travel time spent in this place.
 C = Inter-level travel time spent in this place.
 D = Time resting spent in this place.
 E = Time spent auto-exploring this place.
 F = Levels seen in this place.
 G = Mean time per level.
                   A        B        C        D        E       F      G
               +--------+--------+--------+--------+--------+-----+--------+
         Total |   3071 |   2966 |    105 |    604 |   2070 |   3 | 1023.7 |
       Dungeon |   3071 |   2966 |    105 |    604 |   2070 |   3 | 1023.7 |
               +--------+--------+--------+--------+--------+-----+--------+

Top non-repeatable levels by time:
     D:2: 1791 daAuts
     D:1: 1115 daAuts
     D:3: 165 daAuts
